 Dungeon Crawl Stone Soup version 0.16.1-4-g8e1b745 (console) character file.

58 gw the Charlatan (level 3, -1/21 HPs)
             Began as a Deep Elf Artificer on Mar 28, 2015.
             Killed themself with a badly aimed fireball (5 damage)
             ... in an ossuary.
             The game lasted 00:00:37 (718 turns).

gw the Charlatan (Deep Elf Artificer)                Turns: 718, Time: 00:00:37

Health: -1/21      AC:  5    Str:  8    XL:     3   Next: 75%
Magic:  7/7        EV: 11    Int: 16    God:
Gold:   0          SH:  0    Dex: 16    Spells: 0 memorised, 2 levels left

rFire  . . .     SeeInvis .     a - +0 short sword
rCold  . . .     Clarity  .     l - +0 ring mail
rNeg   . . .     SustAb   .     (no shield)
rPois  .         Gourm    .     (no helmet)
rElec  .         Spirit   .     (no cloak)
rCorr  .         Warding  .     (no gloves)
rMut   .         Stasis   .     (no boots)
MR     .....                    (no amulet)
Stlth  +.........               (no ring)
                                (no ring)

@: not resistant to hostile enchantments, very unstealthy
A: no striking features
a: no special abilities


You were in an ossuary.
You were not hungry.

You visited 1 branch of the dungeon, and saw 5 of its levels.
You also visited: Ossuary.

Inventory:

Hand weapons
 a - a +0 short sword (weapon)
Armour
 l - a +0 ring mail (worn)
Magical devices
 b - a wand of flame (10)
 c - a wand of enslavement (13)
 d - a wand of random effects (11)
Scrolls
 g - a scroll of amnesia {unknown}
 i - 2 scrolls of identify {unknown}
 j - a scroll of fear {unknown}
Potions
 h - a potion of might {unknown}
 k - a potion of poison {unknown}
Comestibles
 f - a bread ration


   Skills:
 + Level 1.7 Fighting
 * Level 2.6 Short Blades
 + Level 3.1 Dodging
 - Level 1.2 Stealth
 - Level 3.2 Evocations


You had 2 spell levels left.
You didn't know any spells.

Dungeon Overview and Level Annotations

Branches:
Dungeon (6/15)
 Temple: D:4-7

Altars:
Fedhas


Message History

Unknown command.
Evoke which item? (* to show all) (? for menu, Esc to quit)
Zapping:
d - a wand of random effects (12)
Press: ? - help, Shift-Dir - straight line, f/p - scorpion zombie
Aim: a scorpion zombie The magic dart hits the scorpion zombie.
This wand has 11 charges left.
The scorpion zombie misses you.
Unknown command.
Unknown command.
Unknown command.
Unknown command.
Evoke which item? (* to show all) (? for menu, Esc to quit)
Zapping:
d - a wand of random effects (11)
Press: ? - help, Shift-Dir - straight line, f/p - scorpion zombie
Aim: a scorpion zombie The fireball explodes!
The fireball engulfs the scorpion zombie.
You destroy the scorpion zombie!
The fireball engulfs you!
You die...

#########
#...#...#
#e\.'.\.#
#...#...#
######'##
#...#
.8.Z.#
...Z...#
##8.Z.8##
#.......
...8...


There were no monsters in sight!

Table legend:
 A = Turns spent in this place as a percentage of turns spent in the entire game.
 B = Non-inter-level travel turns spent in this place as a percentage of non-inter-level travel turns spent in the entire game.
 C = Inter-level travel turns spent in this place as a percentage of turns spent in this place.
 D = Turns resting spent in this place as a percentage of non-inter-level travel turns spent in this place.
 E = Turns spent auto-exploring this place as a percentage of non-inter-level travel turns spent in this place.
 F = Non-inter-level travel turns spent in this place divided by the number of levels of this place that you've seen.
                   A       B       C       D       E      F
               +-------+-------+-------+-------+-------+----------------------
         Total | 100.0 | 100.0 |   2.0 |   1.9 |   2.3 | 138.0
       Dungeon |  72.1 |  71.5 |   2.8 |   2.4 |   2.9 | 118.4
       Ossuary |  27.9 |  28.5 |   0.0 |   0.8 |   0.8 | 236.0
               +-------+-------+-------+-------+-------+----------------------

Table legend:
 A = Kills in this place as a percentage of kills in entire the game.
 B = Kills by you in this place as a percentage of kills by you in the entire game.
 C = Kills by friends in this place as a percentage of kills by friends in the entire game.
 D = Other kills in this place as a percentage of other kills in the entire game.
 E = Experience gained in this place as a percentage of experience gained in the entire game.
 F = Experience gained in this place divided by the number of levels of this place that you have seen.
                   A       B       C       D       E      F
               +-------+-------+-------+-------+-------+----------------------
         Total | 100.0 | 100.0 | 100.0 |  -nan | 100.0 |  13.8
       Dungeon |  62.5 |  83.3 |   0.0 |  -nan |  80.7 |  13.4
       Ossuary |  37.5 |  16.7 | 100.0 |  -nan |  19.3 |  16.0
               +-------+-------+-------+-------+-------+----------------------

Vanquished Creatures
  A hound (D:6)
  An adder (D:4)
  A scorpion zombie (Ossuary)
  An orc (D:5)
  A hobgoblin (D:4)
  A giant gecko (D:6)
6 creatures vanquished.

Vanquished Creatures (collateral kills)
  A hobgoblin zombie (Ossuary)
  A kobold zombie (Ossuary)
2 creatures vanquished.

Grand Total: 8 creatures vanquished

Notes
Turn   | Place    | Note
--------------------------------------------------------------
     0 | D:1      | gw, the Deep Elf Artificer, began the quest for the Orb.
     0 | D:1      | Reached XP level 1. HP: 11/11 MP: 2/2
    38 | D:2      | You fall through a shaft for 2 floors!
    67 | D:4      | Reached skill level 1 in Fighting
   215 | D:4      | Reached XP level 2. HP: 16/16 MP: 5/5
   229 | D:5      | Entered Level 5 of the Dungeon
   240 | D:5      | Found a blossoming altar of Fedhas.
   386 | D:6      | Reached XP level 3. HP: 7/20 MP: 7/7
   626 | D:6      | Found a sand-covered staircase.
   630 | Ossuary  | Entered an ossuary
   718 | Ossuary  | Killed themself with a badly aimed fireball

Action                   || total
-------------------------++-------
Melee: Short sword       ||    37
Evoke: Wand              ||    11

Vault maps used:
D:1:      tarquinn_simple_flora_water_c
D:4:      black_bear_nest_2, nicolae_overflow_crystal_walls,
          minmay_temple_entry_poolview
D:5:      nicolae_overflow_hidden_temple, lemuel_crystal_altar,
          lemuel_doored_altar, first_bread
D:6:      basic_altar, enter_ossuary_5, uniq_edmund
Ossuary:  ossuary_minmay_scorpions
